 Dungeon Crawl Stone Soup version 0.28-a0-724-g66f9036eb4 (webtiles) character file.

Game seed: 11016638711325455246

8673 flyleaff the Covered (level 11, 0/105 HPs)
             Began as a Troll Monk on Oct 27, 2021.
             Was a High Priest of Nemelex Xobeh.
             Slain by a boulder beetle (9 damage)
             ... on level 11 of the Dungeon.
             The game lasted 00:23:35 (7751 turns).

flyleaff the Covered (Troll Monk)                   Turns: 7751, Time: 00:23:35

Health: 0/105      AC: 10    Str: 21    XL:     11   Next: 13%
Magic:  15/15      EV: 12    Int:  9    God:    Nemelex Xobeh [*****.]
Gold:   437        SH:  0    Dex: 12    Spells: 4/10 levels left

rFire   . . .      SeeInvis .     - Unarmed
rCold   + . .      Faith    .   (no shield)
rNeg    . . .      Spirit   .   p - +2 robe {rC+}
rPois   +          Reflect  .   (helmet restricted)
rElec   .          Harm     .   z - +0 cloak
rCorr   .          Rampage  .   (gloves unavailable)
Will    .....      Rnd*Tele +   (boots unavailable)
Stlth   ++........              (no amulet)
HPRegen 1.27/turn               k - ring of poison resistance
MPRegen 0.14/turn               (no ring)

@: no status effects
A: large, unfitting armour, claws 3, regeneration 1, shaggy fur 1, tough skin 1,
iridescent scales 1, teleportitis 1
a: Renounce Religion, Draw Escape, Draw Destruction, Draw Summoning, Triple
Draw, Deal Four, Stack Five


You were on level 11 of the Dungeon.
You worshipped Nemelex Xobeh.
Nemelex Xobeh was extremely pleased with you.
You visited 2 branches of the dungeon, and saw 12 of its levels.

You collected 437 gold pieces.

Inventory:

Hand Weapons
 y - a +0 giant club of freezing
Missiles
 b - 2 large rocks
 d - 117 poisoned darts (quivered)
 E - 7 curare-tipped darts
 G - a throwing net
Armour
 p - a +2 robe of cold resistance (worn)
 z - a +0 cloak (worn)
 H - a +0 kite shield
Jewellery
 k - a ring of poison resistance (left claw)
 w - a ring of protection from cold
Wands
 h - a wand of flame (36)
 u - a wand of digging (1)
 v - a wand of acid (25)
 x - a wand of charming (8)
 D - a wand of mindburst (19)
Scrolls
 a - 2 scrolls of blinking
 c - 2 scrolls of holy word
 g - 3 scrolls of teleportation
 i - a scroll of fog
 j - 3 scrolls of amnesia
 o - 4 scrolls of enchant armour
 r - 2 scrolls of enchant weapon
 F - a scroll of fear
Potions
 e - 2 potions of magic
 f - a potion of flight
 l - a potion of brilliance
 m - a potion of might
 n - 2 potions of berserk rage {unknown}
 q - 2 potions of ambrosia {unknown}
 s - 2 potions of invisibility {unknown}
 t - 2 potions of curing {unknown}
 A - a potion of heal wounds {unknown}
 B - a potion of mutation
 C - 2 potions of haste {unknown}


   Skills:
 + Level 6.2 Fighting
 * Level 7.9 Armour
 + Level 6.2 Dodging
 - Level 1.0 Stealth
 + Level 7.7 Unarmed Combat
 - Level 7.6 Invocations


You had 4 spell levels left.
You knew the following spells:

 Your Spells              Type           Power      Damage    Failure   Level
a - Sting                 Tmut/Pois      0%         1d3       38%         1
b - Poisonous Vapours     Pois/Air       0%         N/A       52%         2
c - Mephitic Cloud        Conj/Pois/Air  0%         N/A       77%         3

Your spell library contained the following spells:

 Spells                   Type           Power      Damage    Failure   Level
 Magic Dart               Conj           0%         1d3       38%         1
 Shock                    Conj/Air       0%         1d3       38%         1
 Call Imp                 Summ           0%         N/A       52%         2
 Slow                     Hex            0%         N/A       52%         2
 Confusing Touch          Hex            0%         N/A       77%         3
 Swiftness                Air            0%         N/A       77%         3
 Vampiric Draining        Necr           0%         2d6       77%         3
 Airstrike                Air            0%         N/A       99%         4
 Olgreb's Toxic Radiance  Pois           0%         N/A       99%         4


Dungeon Overview and Level Annotations

Branches:
Dungeon (11/15)            Temple (1/1) D:6            Lair (0/6) D:10
    Orc (0/2) D:10

Altars:
Ashenzari
Cheibriados
Dithmenos
Elyvilon
Fedhas
Gozag
Hepliaklqana
Kikubaaqudgha
Makhleb
Nemelex Xobeh
Okawaru
Qazlal
Ru
Sif Muna
Trog
Uskayaw
Vehumet
Wu Jian
Xom
Yredelemnul
Zin
The Shining One

Shops:
D:1 [   D:6 *


Innate Abilities, Weirdness & Mutations

You are too large for most types of armour.
You have claws for hands.
Your natural rate of healing is unusually fast.
You are covered in fur. (AC +1)
You have tough skin. (AC +1)
You are partially covered in iridescent scales. (AC +2)
You are occasionally teleported next to monsters.


Message History

You claw the boulder beetle!
The boulder beetle is heavily wounded.
The boulder beetle closely misses you.
You scratch the boulder beetle but do no damage.
The boulder beetle is heavily wounded.
The boulder beetle bites you but does no damage.
You scratch the boulder beetle but do no damage.
The boulder beetle is heavily wounded.
You completely miss the boulder beetle.
The boulder beetle is heavily wounded.
The boulder beetle bites you!
You are too injured to fight recklessly!
You are too injured to fight recklessly!
You are too injured to fight recklessly!
You are too injured to fight recklessly!
You are too injured to fight recklessly!
You are too injured to fight recklessly!
You completely miss the boulder beetle.
The boulder beetle is heavily wounded.
The boulder beetle bites you but does no damage.
You mangle the boulder beetle!!
You claw the boulder beetle, but do no damage.
The boulder beetle is severely wounded.
The boulder beetle bites you.
You scratch the boulder beetle but do no damage.
The boulder beetle is severely wounded.
The boulder beetle bites you.
You barely miss the boulder beetle.
The boulder beetle is severely wounded.
The boulder beetle bites you!!
* * * LOW HITPOINT WARNING * * *
You scratch the boulder beetle.
The boulder beetle is severely wounded.
The boulder beetle bites you!!
* * * LOW HITPOINT WARNING * * *
You draw a card...
You have drawn Wild Magic.
The boulder beetle is blasted with magical energy.
You feel a surge of magic. The boulder beetle bites you!
You die...
Your body glows with a rainbow of weird colours and disappears.

######.#################
..................>.....
.#####.#.#######.#######
.# #.#.# #.# .# #.#.#
#.# .# #.#.# #.# .#
#.#.# # #.# ..
#.#.#.###.#.# #.
#.#.#.....B@# ####.####
#


You could see a boulder beetle.

Vanquished Creatures
  Pikel (D:6)
  A hornet (D:8)
  A yak (D:6)
  A steam dragon (D:8)
  An acid dragon (D:10)
  A water moccasin (D:3)
  An ice beast (D:6)
  2 orc warriors
  A black bear (D:5)
  A hornet zombie (D:8)
  A necrophage (D:6)
  5 centaurs
  An ogre (D:4)
  A phantom (D:5)
  2 lemures (D:6)
  2 kobold brigands (D:9)
  2 scorpions
  A gnoll sergeant (D:10)
  A wyvern skeleton (D:7)
  6 wights (D:8)
  5 howler monkeys
  3 centaur zombies
  3 jellies
  4 hounds
  3 orc priests
  A bullfrog skeleton (D:5)
  7 orc wizards
  Jessica (D:2)
  A killer bee zombie (D:7)
  A hound skeleton (D:4)
  A howler monkey zombie (D:9)
  8 gnolls
  A howler monkey skeleton (D:4)
  7 adders
  A white imp (D:7)
  4 worms
  The ghost of flotson the Sneak, a weakling DsDe (D:3)
  3 dart slugs
  45 orcs
  7 ball pythons
  5 bats
  5 endoplasms
  7 giant cockroaches
  6 hobgoblins
  10 kobolds
  2 quokkas (D:4)
  3 frilled lizards
  9 goblins
  9 rats
196 creatures vanquished.

Vanquished Creatures (collateral kills)
  5 death yaks (D:10)
  Prince Ribbit (D:6)
  5 yaks
  A sky beast (D:6)
  2 orc warriors
  A gnoll sergeant (D:10)
  A kobold brigand (D:6)
  A wight (D:8)
  A bullfrog skeleton (D:6)
  2 orc priests (D:6)
  A hound (D:6)
  An adder (D:6)
  2 gnolls (D:10)
  3 orcs (D:6)
  6 kobolds (D:6)
33 creatures vanquished.

Grand Total: 229 creatures vanquished

Notes
Turn   | Place    | Note
-------+----------+-------------------------------------------
     0 | D:1      | flyleaff the Troll Monk began the quest for the Orb.
     0 | D:1      | Reached XP level 1. HP: 22/22 MP: 0/0
    66 | D:1      | Found Fasaw's Armour Boutique.
    77 | D:1      | Reached XP level 2. HP: 29/29 MP: 1/1
   535 | D:2      | Reached XP level 3. HP: 35/36 MP: 2/2
   659 | D:2      | Found a faded altar of an unknown god.
   666 | D:2      | Reached skill level 1 in Armour
   669 | D:2      | Prayed at the altar of an unknown god.
   669 | D:2      | Became a worshipper of Nemelex Xobeh the Trickster
   669 | D:2      | Reached * piety under Nemelex Xobeh
   669 | D:2      | Received a gift from Nemelex Xobeh
   669 | D:2      | Reached ** piety under Nemelex Xobeh
   704 | D:2      | Found a shadowy altar of Dithmenos.
   769 | D:2      | Noticed Jessica
   787 | D:2      | Killed Jessica
   788 | D:2      | Reached XP level 4. HP: 44/44 MP: 3/3
   809 | D:2      | Reached skill level 1 in Invocations
   844 | D:2      | Reached *** piety under Nemelex Xobeh
  1089 | D:3      | Found a runed translucent gate.
  1092 | D:3      | Found a runed translucent gate.
  1093 | D:3      | Found a runed translucent gate.
  1093 | D:3      | Noticed a water moccasin
  1094 | D:3      | Noticed flotson's ghost (weakling DsDe)
  1307 | D:3      | Received a gift from Nemelex Xobeh
  1741 | D:3      | Found a hazy altar of Hepliaklqana.
  1741 | D:3      | Found an ornate altar of the Wu Jian Council.
  1909 | D:3      | Gained mutation: You are robust. (+10% HP) [potion of
                  | mutation]
  1909 | D:3      | Gained mutation: You are agile. (Dex +2) [potion of
                  | mutation]
  1909 | D:3      | Lost mutation: You are agile. (Dex +2) [potion of mutation]
  1910 | D:3      | Lost mutation: You are robust. (+10% HP) [potion of
                  | mutation]
  1910 | D:3      | Gained mutation: You sometimes lose the ability to read
                  | scrolls when taking damage. [potion of mutation]
  1910 | D:3      | Gained mutation: Your spells are a little harder to cast,
                  | but a little more powerful. [potion of mutation]
  1911 | D:3      | Lost mutation: Your spells are a little harder to cast, but
                  | a little more powerful. [potion of mutation]
  1911 | D:3      | Lost mutation: You sometimes lose the ability to read
                  | scrolls when taking damage. [potion of mutation]
  1911 | D:3      | Gained mutation: You possess an exceptional clarity of
                  | mind. [potion of mutation]
  1911 | D:3      | Gained mutation: You are occasionally teleported next to
                  | monsters. [potion of mutation]
  1911 | D:3      | Gained mutation: Your flesh is heat resistant. (rF+)
                  | [potion of mutation]
  1911 | D:3      | Gained mutation: Your flesh is very heat resistant. (rF++)
                  | [potion of mutation]
  1957 | D:3      | Killed a water moccasin
  1958 | D:3      | Reached XP level 5. HP: 51/52 MP: 3/6
  1965 | D:3      | Killed flotson's ghost
  2208 | D:4      | Received a gift from Nemelex Xobeh
  2211 | D:4      | Reached XP level 6. HP: 59/59 MP: 7/7
  2228 | D:4      | Found a sacrificial altar of Ru.
  2678 | D:5      | Entered Level 5 of the Dungeon
  2685 | D:5      | Reached skill level 5 in Invocations
  2695 | D:5      | Reached XP level 7. HP: 66/66 MP: 8/10
  2839 | D:5      | Found a burning altar of Makhleb.
  2939 | D:5      | Learned a level 1 spell: Sting
  2942 | D:5      | Learned a level 2 spell: Poisonous Vapours
  2966 | D:5      | Reached **** piety under Nemelex Xobeh
  2966 | D:5      | Received a gift from Nemelex Xobeh
  3469 | D:6      | Noticed Prince Ribbit
  3469 | D:6      | Found Zudyciul's Overcharged Wands.
  3477 | D:6      | Killed Prince Ribbit
  3478 | D:6      | Reached XP level 8. HP: 74/74 MP: 12/12
  3494 | D:6      | Learned a level 3 spell: Mephitic Cloud
  3645 | D:6      | Reached skill level 5 in Unarmed Combat
  3645 | D:6      | Reached XP level 9. HP: 74/84 MP: 10/13
  3688 | D:6      | Noticed Pikel
  3719 | D:6      | Killed Pikel
  3833 | D:6      | Found an opulent altar of Gozag.
  4060 | D:6      | Found a glowing silver altar of Zin.
  4132 | D:6      | Found a staircase to the Ecumenical Temple.
  4142 | Temple   | Entered the Ecumenical Temple
  4451 | D:7      | Identified the +1 helmet of Prudence {+Inv rPois}
  4489 | D:7      | Reached skill level 5 in Armour
  4652 | D:7      | Found a blossoming altar of Fedhas.
  4749 | D:7      | Found a sparkling altar of Nemelex Xobeh.
  4895 | D:7      | Found a snail-covered altar of Cheibriados.
  5071 | D:8      | Found a radiant altar of Vehumet.
  5136 | D:8      | Received a gift from Nemelex Xobeh
  5282 | D:8      | Lost mutation: You possess an exceptional clarity of mind.
                  | [potion of mutation]
  5282 | D:8      | Lost mutation: Your flesh is very heat resistant. (rF++)
                  | [potion of mutation]
  5282 | D:8      | Lost mutation: Your flesh is heat resistant. (rF+) [potion
                  | of mutation]
  5282 | D:8      | Gained mutation: You are partially covered in iridescent
                  | scales. (AC +2) [potion of mutation]
  5376 | D:8      | Found a shimmering altar of Xom.
  5432 | D:8      | Received a gift from Nemelex Xobeh
  5456 | D:8      | Reached skill level 5 in Fighting
  5456 | D:8      | Reached skill level 5 in Dodging
  5456 | D:8      | Reached XP level 10. HP: 83/96 MP: 14/14
  6398 | D:9      | Reached ***** piety under Nemelex Xobeh
  6490 | D:9      | Received a gift from Nemelex Xobeh
  6928 | D:10     | Entered Level 10 of the Dungeon
  7132 | D:10     | Received a gift from Nemelex Xobeh
  7176 | D:10     | Found a staircase to the Orcish Mines.
  7200 | D:10     | Noticed a death yak
  7201 | D:10     | Noticed a death yak
  7202 | D:10     | Noticed a death yak
  7204 | D:10     | Noticed a death yak
  7204 | D:10     | Noticed a death yak
  7209 | D:10     | Killed a death yak
  7214 | D:10     | Killed a death yak
  7214 | D:10     | Killed a death yak
  7216 | D:10     | Killed a death yak
  7217 | D:10     | Reached XP level 11. HP: 105/105 MP: 7/15
  7220 | D:10     | Killed a death yak
  7369 | D:10     | Found a staircase to the Lair.
  7623 | D:10     | Found a glowing golden altar of the Shining One.
  7728 | D:11     | Noticed a boulder beetle
  7751 | D:11     | Slain by a boulder beetle

Illustrated notes

Levels and vault maps discovered:
D:1:      saegor_arrival_miasma, layout_basic, serial_shops, nicolae_square_shop
D:2:      layout_loops_cross, basic_altar, ebering_ecumenical_altar_sacrificial,
          st_stairs_1, uniq_jessica
D:3:      layout_basic, gammafunk_temple_overflow_wave, gammafunk_ghost_split
D:4:      layout_rooms, mainiacjoe_overflow_concentric_impassable
D:5:      layout_loops_ring, makhleb_blood_cavern_becter,
          minmay_misc_feat_columns
D:6:      layout_basic, pdpol_temple_overflow_zin_treasury_gozag_greed,
          minmay_temple_entry_antechambers, minmay_misc_feat_ornament,
          nicolae_shop_overcharged_wands, uniq_pikel, uniq_prince_ribbit1
D:7:      layout_rooms, fedhas_altar_3, nemelex_diamond_rough_becter,
          cheibrodos_worm_habitat
D:8:      layout_basic, nicolae_overflow_crystal_walls,
          nicolae_vehumet_altar_sigil
D:9:      layout_gridville
D:10:     layout_irregular_city, marbit_many_paths, dpeg_lair_monsters,
          orc_0_dummy
D:11:     layout_basic, billiards_dpeg
Temple:   compressed_dpeg_circular_temple

Skill      XL: |  1  2  3  4  5  6  7  8  9 10 |
---------------+-------------------------------+-----
Armour         | 1 3 5 7 |  7.9
Invocations    | 3 5 7 |  7.6
Fighting       | 3 5 6 |  6.2
Dodging        | 3 5 6 |  6.2
Unarmed Combat | 5 6 7 |  7.7
Stealth        | |  1.0

Action                   |  1- 3 |  4- 6 |  7- 9 | 10-12 || total
-------------------------+-------+-------+-------+-------++-------
Melee: Unarmed           |    76 |   114 |   292 |   142 ||   624
       Punch             |       |     2 |     6 |     6 ||    14
Throw: Dart              |       |    12 |       |       ||    12
Invok: Draw Destruction  |       |     5 |     9 |     3 ||    17
       Draw Summoning    |       |       |     4 |     1 ||     5
       Triple Draw       |       |       |     1 |       ||     1
       Deal Four         |       |       |       |     2 ||     2
  Use: Scroll            |       |     9 |     9 |     2 ||    20
       Potion            |       |     3 |     1 |       ||     4
 Stab: Sleeping          |     1 |       |     2 |       ||     3
       Distracted        |     1 |       |       |       ||     1
Armor: Robe              |    24 |    36 |   115 |    70 ||   245
Dodge: Dodged            |    30 |    64 |   162 |    91 ||   347

Table legend: (Time is in decaauts)
 A = Elapsed time spent in this place.
 B = Non-inter-level travel time spent in this place.
 C = Inter-level travel time spent in this place.
 D = Time resting spent in this place.
 E = Time spent auto-exploring this place.
 F = Levels seen in this place.
 G = Mean time per level.
                   A        B        C        D        E       F      G
               +--------+--------+--------+--------+--------+-----+--------+
         Total |   7707 |   7262 |    445 |      0 |   5717 |  12 |  642.2 |
       Dungeon |   7617 |   7182 |    435 |      0 |   5649 |  11 |  692.5 |
        Temple |     90 |     80 |     10 |      0 |     68 |   1 |   90.0 |
               +--------+--------+--------+--------+--------+-----+--------+

Top non-repeatable levels by time:
     D:8: 1093 daAuts
     D:3: 934 daAuts
     D:6: 866 daAuts
     D:5: 805 daAuts
     D:9: 761 daAuts
    D:10: 757 daAuts
     D:4: 693 daAuts
     D:2: 603 daAuts
     D:7: 573 daAuts
     D:1: 470 daAuts
  Temple: 90 daAuts
    D:11: 56 daAuts
